 Dungeon Sprint DCSS version 0.29.0-7-g18a832c13a (webtiles) character file.

Game seed: 14259852841138628304

65 GigaChad the Shield-Bearer (level 3, -15/37 HPs)
             Began as a Minotaur Fighter on Aug 30, 2022.
             Was an Initiate of Ashenzari.
             Demolished by an orc high priest
             ... wielding a +0 glaive
              (16 damage)
             ... in the Dungeon (Sprint VII: "The Pits").
             The game lasted 00:01:23 (130 turns).

GigaChad the Shield-Bearer (Minotaur Fighter)        Turns: 130, Time: 00:01:24

Health: -15/37     AC:  7    Str: 22    XL:     3   Next: 92%
Magic:  2/2        EV:  9    Int:  5    God:    Ashenzari [......]
Gold:   0          SH:  5    Dex:  9    Spells: 2/2 levels left

rFire   . . .      SeeInvis .   a - +0 long sword
rCold   . . .      Faith    .   c - +0 buckler
rNeg    . . .      Spirit   .   b - +0 scale mail
rPois   .          Reflect  .   (helmet restricted)
rElec   .          Harm     .   (no cloak)
rCorr   .          Rampage  .   (no gloves)
Will    .....      NoTele   +   (no boots)
Stlth   ..........              (no amulet)
HPRegen 0.12/turn               (no ring)
MPRegen 0.08/turn               (no ring)

@: no status effects
A: horns 2, retaliatory headbutt
a: Renounce Religion


You were in the Dungeon.
You worshipped Ashenzari.
Ashenzari was noncommittal.
You visited 1 branch

Inventory:

Hand Weapons
 a - a +0 long sword (weapon)
 k - a +2 falchion
Armour
 b - a +0 scale mail (worn)
 c - a +0 buckler (worn)
Scrolls
 j - a scroll of blinking
 m - 5 scrolls of amnesia
 n - a scroll of summoning
Potions
 d - a potion of might
 e - a potion of curing
 f - a potion of heal wounds
 g - a potion of haste
 h - 4 potions of magic
 i - 3 potions of berserk rage
 l - 2 potions of invisibility


   Skills:
 + Level 6.1 Fighting
 + Level 3.6 Long Blades
 + Level 6.1 Armour
 + Level 6.3 Shields


You had 2 spell levels left.
You didn't know any spells.
Your spell library was empty.

Dungeon Overview and Level Annotations

Branches:
Dungeon (1/1)

Altars:
Ashenzari
Cheibriados
Dithmenos
Elyvilon
Fedhas
Gozag
Hepliaklqana
Kikubaaqudgha
Makhleb
Nemelex Xobeh
Okawaru
Qazlal
Ru
Sif Muna
Trog
Uskayaw
Vehumet
Wu Jian
Xom
Yredelemnul
Zin
The Shining One
Jiyva
Lugonu


Innate Abilities, Weirdness & Mutations

You have a pair of horns on your head.
You reflexively headbutt those who attack you in melee.


Message History

a +1 dagger of speed; a kobold corpse
There is an open door here.
Things that are here:
a +1 dagger of speed; a kobold corpse
There is an open door to the Storerooms (Easy) here.
Welcome back, GigaChad the Minotaur Fighter.
Ashenzari says: Partake of my vision.
Partake of my curse.
Press ? for a list of commands and other information.
You open the huge gate.
There is a huge open gate to the Grid Vault (Hard) here.
There is a huge open gate to the Grid Vault (Hard) here.
You open the door.
A minotaur, a deep troll, a green draconian, a death yak, an elephant, 2 orcs and an efreet come into view.
The minotaur is quivering silver javelins.
The efreet is wielding a +1 scimitar of flaming.
The minotaur bellows!
The deep troll shouts!
The green draconian roars!
The death yak bellows!
The elephant trumpets!
The orc shouts!
You hear an angry buzzing noise.
You hear a shout! x2
You hear an angry squeal.
You hear an angry hiss. x2; You hear a bellow!
An orc warrior comes into view. It is wielding a +0 long sword.
An orc high priest comes into view. It is wielding a +0 glaive.
The minotaur moves out of view.
The elephant moves out of view.
You hear a loud, deep croak!
A vampire mosquito comes into view.
The vampire mosquito buzzes angrily.
Found a staff of fire and a ring of see invisible.
You hit the orc. You headbutt the orc.
You kill the orc!
The orc high priest hits you from afar with a +0 glaive.
You closely miss the orc. The orc hits you with a +0 morningstar!
The orc high priest invokes the aid of Beogh against you.
Beogh smites you!
* * * LOW HITPOINT WARNING * * *
You block the orc's attack.
The orc high priest hits you from afar with a +0 glaive.
* * * LOW HITPOINT WARNING * * *
The green draconian is engulfed in blazing flames.
You closely miss the orc. The orc hits you with a +0 morningstar.
* * * LOW HITPOINT WARNING * * *
The orc high priest hits you from afar with a +0 glaive!
You die... ## ## #. .# #y .# #Y # T# #R #. o#d

#..#####o##########
#########.......@..........
______.##..................
______.###########''#######
____...###########''######
######'##................#
.')))'.##......#..#......#
######.##................+
........'................+
###)#####......#..#......#


You could see a green draconian, a death yak, an orc high priest, a deep troll,
an efreet, a vampire mosquito and an orc.

Vanquished Creatures
  A scorpion (D)
  An adder (D)
  An orc (D)
  A kobold (D)
4 creatures vanquished.

Notes
Turn   | Place    | Note
-------+----------+-------------------------------------------
     0 | D        | GigaChad the Minotaur Fighter began the quest for the Orb.
     0 | D        | Reached XP level 1. HP: 19/19 MP: 0/0
    22 | D        | Reached XP level 2. HP: 24/28 MP: 1/1
    49 | D        | Found a bloodstained altar of Trog.
    49 | D        | Found a shimmering blue altar of Sif Muna.
    49 | D        | Found a viscous altar of Jiyva.
    49 | D        | Found a hazy altar of Hepliaklqana.
    49 | D        | Found an opulent altar of Gozag.
    50 | D        | Found a glowing golden altar of the Shining One.
    50 | D        | Found a glowing silver altar of Zin.
    50 | D        | Found a basalt altar of Yredelemnul.
    50 | D        | Found a shimmering altar of Xom.
    50 | D        | Found an ornate altar of the Wu Jian Council.
    50 | D        | Found a sacrificial altar of Ru.
    50 | D        | Found a stormy altar of Qazlal.
    50 | D        | Found an iron altar of Okawaru.
    50 | D        | Found a sparkling altar of Nemelex Xobeh.
    50 | D        | Found a burning altar of Makhleb.
    50 | D        | Found a blossoming altar of Fedhas.
    50 | D        | Found a white marble altar of Elyvilon.
    50 | D        | Found a shadowy altar of Dithmenos.
    50 | D        | Found a snail-covered altar of Cheibriados.
    52 | D        | Found a radiant altar of Vehumet.
    52 | D        | Found a corrupted altar of Lugonu.
    53 | D        | Found a hide-covered altar of Uskayaw.
    53 | D        | Found an ancient bone altar of Kikubaaqudgha.
    53 | D        | Found a broken altar of Ashenzari.
    63 | D        | Became a worshipper of Ashenzari the Shackled
    82 | D        | Noticed a scorpion
    87 | D        | Killed a scorpion
    88 | D        | Reached XP level 3. HP: 37/37 MP: 2/2
   127 | D        | Noticed a minotaur
   127 | D        | Noticed a deep troll
   127 | D        | Noticed a green draconian
   127 | D        | Noticed a death yak
   127 | D        | Noticed an elephant
   127 | D        | Noticed an efreet
   127 | D        | Noticed an orc warrior
   127 | D        | Noticed an orc high priest
   127 | D        | Noticed a vampire mosquito
   130 | D        | HP: 1/37 [orc/+0 morningstar[an orc high priest] (5)]
   130 | D        | Demolished by an orc high priest

Illustrated notes

Levels and vault maps discovered:
D:        pitsprint [storerooms_1, entrance_room_1, metal_vault_7, armoury_3,
          mini_pit_1, grid_room_1, main_hall_1, silver_pit, the_coven_3,
          the_vestibule_1, steel_vault_1, golden_pit, hallway_of_sentries,
          crystal_vault_1, iron_vault_3, final_vault]

Skill      XL: |  1  2 |
---------------+-------+-----
Fighting       | 4 6 |  6.1
Armour         | 4 6 |  6.1
Shields        | 4 6 |  6.3
Long Blades    | 3 |  3.6

Action                   || total
-------------------------++-------
Melee: Long sword        ||    17
       Headbutt          ||     5
Armor: Scale mail        ||     6
Dodge: Dodged            ||    10
Block: Buckler           ||     3
